 Dungeon Crawl Stone Soup version 0.31-a0-236-g9a0961fb85 (webtiles) character file.

Game seed: 18003900316032126306

63 qw the Shooter (level 4, -7/26 HPs)
             Began as a Gargoyle Hexslinger on July 10, 2023.
             Mangled by an orc
             ... wielding a +1 heavy falchion
              (10 damage)
             ... on level 3 of the Dungeon.
             The game lasted 00:00:46 (1895 turns).

qw the Shooter (Gargoyle Hexslinger)                Turns: 1895, Time: 00:00:47

Health: -7/26      AC:  7    Str: 12    XL:     4   Next: 10%
Magic:  5/5        EV: 11    Int: 13    God:
Gold:   67         SH:  0    Dex: 14    Spells: 4/5 levels left

rFire   . . .        Y - +1 sling
rCold   . . .        (no shield)
rNeg    + . .        j - +0 leather armour
rPois   inf          (no helmet)
rElec   +            d - +0 cloak
rCorr   .            (no gloves)
SInv    .            (no boots)
Will    .....        (no amulet)
Stlth   +            (no ring)
HPRegen 0.24/turn    (no ring)
MPRegen 0.09/turn

%: no passive effects
@: about to teleport
A: sickness immunity, AC +3, negative energy resistance 1, electricity
resistance, torment resistance 1, petrification resistance
a: no special abilities


You were on level 3 of the Dungeon.
You visited 1 branch of the dungeon, and saw 3 of its levels.

You collected 67 gold pieces.


Innate Abilities, Weirdness & Mutations

You are immune to sickness and miasma.
Your stone body is resilient. (AC +3)
You are immune to poison.
You resist negative energy. (rN+)
You are resistant to electric shocks. (rElec)
You are resistant to unholy torment.
You are immune to petrification.


   Skills:
 - Level 2.0 Fighting
 + Level 3.9 Ranged Weapons
 - Level 1.5 Dodging
 - Level 1.0 Spellcasting
 - Level 2.6 Hexes


You had 4 spell levels left.
You knew the following spells:

 Your Spells              Type           Power      Damage    Failure   Level
a - Slow                  Hex            28%        N/A       12%         1

Your spell library contained the following spells:

 Spells                   Type           Power      Damage    Failure   Level
 Inner Flame              Hex/Fire       4%         N/A       52%         3
 Portal Projectile        Hex/Tloc       8%         N/A       52%         3
 Cause Fear               Hex            3%         N/A       75%         4

Inventory:

Hand Weapons
 Y - a +1 sling (weapon)
Armour
 d - a +0 cloak (worn)
 j - a +0 leather armour (worn)
Scrolls
 a - a scroll of identify
Potions
 c - a potion of resistance {unknown}

Dungeon Overview and Level Annotations

Branches:
Dungeon (3/15)

Altars:
Qazlal

Shops:
D:1 :

Annotations:
D:1 1 runed translucent door
D:3 Grinder


Message History

An orc comes into view. It is wielding a +0 short sword.
The adder bites you but does no damage. Grinder gestures at you.
You barely resist. The orc hits you with a +0 dagger.
The adder bites you but does no damage. The orc hits you with a +0 dagger.
An orc comes into view. It is wielding a +1 heavy falchion.
Grinder blinks!
The adder bites you.
The orc shouts!
The adder bites you but does no damage.
Grinder says, "I used to sell toenails on the black market."
Grinder gestures at you.
You barely resist. The orc hits you but does no damage. The adder bites you.
You can move again.
You shoot a sling bullet. The sling bullet barely misses the orc.
The orc closely misses you. The orc hits you but does no damage.
The adder barely misses you. The orc hits you but does no damage.
You shoot a sling bullet.
The sling bullet hits the orc but does no damage.
The adder barely misses you. The adder bites you but does no damage.
You shoot a sling bullet.
The sling bullet closely misses Grinder.
The adder bites you but does no damage. The orc hits you but does no damage. x2
You shoot a sling bullet. The sling bullet hits Grinder.
Grinder is heavily wounded.
The adder closely misses you. Grinder barely misses you.
The orc barely misses you. The adder completely misses you.
You shoot a sling bullet.
The sling bullet hits Grinder but does no damage.
Grinder is heavily wounded.
Grinder hits you.
You writhe in agony.
The orc hits you with a +0 dagger. The adder closely misses you.
Grinder hits you. The adder bites you but does no damage.
1895 ||| READING scroll of teleportation.
As you read the scroll of teleportation, it crumbles to dust.
You feel strangely unstable. The adder completely misses you. Grinder hits you.
The orc hits you but does no damage. The orc closely misses you.
The orc hits you with a +1 heavy falchion!
You die...

# .(#####
..<....##
####..So###
......o@..##
..##..o5#..#
#...o##.##
#....##..#
#...)###.######
...............#
#........~~.....#
#.¤.....~~~~....#
...###¤~#~...##


You could see Grinder, an adder and 4 orcs.

Vanquished Creatures
  2 worms (D:2)
  A dart slug (D:2)
  5 endoplasms (D:1)
  6 giant cockroaches
  A goblin (D:3)
  5 hobgoblins
  3 jackals (D:1)
  2 quokkas (D:1)
  8 ball pythons
  6 bats
  5 frilled lizards
  4 kobolds
  4 rats
52 creatures vanquished.

Notes
Turn   | Place    | Note
-------+----------+-------------------------------------------
     0 | D:1      | qw the Gargoyle Hexslinger began the quest for the Orb.
     0 | D:1      | Reached XP level 1. HP: 12/12 MP: 2/2
     0 | D:1      | 0 ||| qw: Version: 0.3-a-52-g30416fa
     0 | D:1      | 0 ||| qw: Game counter: 4906
     0 | D:1      | 0 ||| qw: Melee chars always use a shield: true
     0 | D:1      | 0 ||| qw: God list: Okawaru
     0 | D:1      | 0 ||| qw: Allow faded altars: false
     0 | D:1      | 0 ||| qw: Do Orc after clearing Dungeon:15 true
     0 | D:1      | 0 ||| qw: Do second Lair branch before Depths: true
     0 | D:1      | 0 ||| qw: Lair rune preference: random
     0 | D:1      | 0 ||| qw: Goals: Normal
     0 | D:1      | 0 ||| PLANNING D:1-11
     1 | D:1      | Found a runed translucent door.
    95 | D:1      | Reached XP level 2. HP: 16/16 MP: 3/3
   258 | D:1      | Reached skill level 3 in Ranged Weapons
   386 | D:1      | Reached XP level 3. HP: 21/21 MP: 4/4
   496 | D:1      | Found Vimezil's Vocational Training.
   847 | D:1      | 847 ||| UPGRADING to +0 cloak.
   852 | D:1      | 852 ||| UPGRADING to +0 leather armour.
   862 | D:1      | 862 ||| DROPPING +0 robe.
   863 | D:1      | 863 ||| READING scroll labelled ZILYSCH UMOK.
   868 | D:1      | 868 ||| READING scroll labelled AMOYRH CEMEATH.
   869 | D:1      | 869 ||| READING scroll labelled GYBLEE KELERCHY.
   870 | D:1      | 870 ||| READING scroll labelled SIOSON IGAMN.
   871 | D:1      | 871 ||| DRINKING 2 glowing ruby potions.
   907 | D:1      | 907 ||| DROPPING scroll of poison.
   908 | D:1      | 908 ||| DROPPING potion of lignification.
  1503 | D:2      | Reached XP level 4. HP: 26/26 MP: 5/5
  1504 | D:2      | Found a faded altar of an unknown god.
  1784 | D:2      | 1784 ||| DROPPING amulet of magic regeneration.
  1785 | D:2      | 1785 ||| READING scroll labelled XIROGIULUS.
  1786 | D:2      | 1786 ||| READING scroll labelled LAUCHU DAVAFEJ.
  1787 | D:2      | 1787 ||| READING scroll labelled SENETS DURAAS.
  1788 | D:2      | 1788 ||| DRINKING 2 amethyst potions.
  1789 | D:2      | 1789 ||| DRINKING 2 fizzy pink potions.
  1790 | D:2      | 1790 ||| DRINKING potion of curing.
  1790 | D:2      | 1790 ||| (to cure confusion)
  1791 | D:2      | 1791 ||| READING 2 scrolls of identify.
  1791 | D:2      | 1791 ||| IDENTIFYING bubbling amethyst potion
  1792 | D:2      | 1792 ||| DROPPING potion of attraction.
  1793 | D:2      | 1793 ||| DROPPING potion of ambrosia.
  1864 | D:3      | Found a stormy altar of Qazlal.
  1874 | D:3      | Noticed Grinder
  1881 | D:3      | Paralysed by Grinder for 3 turns
  1886 | D:3      | Paralysed by Grinder for 4 turns
  1894 | D:3      | HP: 6/26 [Grinder (5)]
  1895 | D:3      | 1895 ||| READING scroll of teleportation.
  1895 | D:3      | Mangled by an orc

Levels and vault maps discovered:
D:1:      dpeg_arrival_caged_fury, layout_loops_corners, nicolae_shop_vocational
D:2:      layout_loops_corners, ebering_ecumenical_altar_mist,
          minmay_tetromino_o4
D:3:      layout_basic, nicolae_qazlal_general_emergency, uniq_grinder

Skill      XL: |  1  2 |
---------------+-------+-----
Ranged Weapons | 3 |  3.9
Fighting       | 2 |  2.0
Dodging        | |  1.5
Spellcasting   | |  1.0
Hexes          | |  2.6

Action                     |  1- 3 |  4- 6 || total
---------------------------+-------+-------++-------
   Fire: Sling             |   150 |    22 ||   172
    Use: Scroll            |     4 |     5 ||     9
         Potion            |     1 |     3 ||     4
 Armour: Robe              |     8 |       ||     8
         Leather armour    |    17 |    20 ||    37
  Dodge: Dodged            |    42 |    12 ||    54

Table legend:
 A = Non-vault XP
 B = Vault XP
 C = Vault XP percentage of total XP
 D = Non-vault monster count
 E = Vault monster count
 F = Vault count percentage of total count
                 A         B        C        D         E       F
            +---------+---------+-------+---------+---------+-------
      Total |      85 |       6 |   6.6 |      48 |       4 |   7.7
            +---------+---------+-------+---------+---------+-------
        D:1 |      49 |       0 |   0.0 |      30 |       0 |   0.0
        D:2 |      32 |       6 |  15.8 |      16 |       4 |  20.0
        D:3 |       4 |       0 |   0.0 |       2 |       0 |   0.0
            +---------+---------+-------+---------+---------+-------
